 Dungeon Crawl Stone Soup version 0.31-a0-986-g5e6e4ef867 (webtiles) character file.

Game seed: 10308928457441546560

8981 FakeRyeBread the Grappler (level 11, 0/110 HPs)
             Began as a Troll Fighter on Nov 9, 2023.
             Was a Believer of Wu Jian.
             Slain by an orc
             ... wielding a +0 hand axe
              (4 damage)
             ... on level 10 of the Dungeon.
             The game lasted 00:21:53 (8377 turns).

FakeRyeBread the Grappler (Troll Fighter)           Turns: 8377, Time: 00:21:53

Health: 0/110      AC:  6    Str: 26    XL:     11   Next: 17%
Magic:  10/10      EV: 10    Int:  8    God:    Wu Jian [**....]
Gold:   1477       SH: 16    Dex:  9    Spells: 10/10 levels left

rFire   + .          .
                       - Unarmed
rCold   + . .        b - +1 kite shield
rNeg    + . .        a - +2 robe {rC+ rF+}
rPois   .            (helmet restricted)
rElec   .            (no cloak)
rCorr   +            (gloves unavailable)
SInv    .            (boots unavailable)
Will    .....        r - amulet of reflection
Stlth   +            h - ring of positive energy
HPRegen 1.18/turn    d - ring of resist corrosion
MPRegen 0.12/turn

%: reflection
@: no status effects
A: large, unfitting armour, claws 3, regeneration 1, shaggy fur 1, tough skin 1
a: Renounce Religion, Wall Jump


You were on level 10 of the Dungeon.
You worshipped Wu Jian.
Wu Jian was pleased with you.
You visited 1 branch of the dungeon, and saw 10 of its levels.

You collected 2493 gold pieces.
You spent 1016 gold pieces at shops.

Inventory:

Missiles
 e - 10 poisoned darts (quivered)
 m - 33 stones
Armour
 a - a +2 robe of resistance (worn)
 b - a +1 kite shield (worn)
 G - +0 steam dragon scales
Jewellery
 d - a ring of resist corrosion (right claw)
 h - a ring of positive energy (left claw)
 r - an amulet of reflection (around neck)
 y - a ring of positive energy
 E - a ring of wizardry
Wands
 k - a wand of polymorph (8)
Scrolls
 g - 3 scrolls of teleportation
 o - a scroll of fog
 q - a scroll of torment
 v - a scroll of immolation
 w - a scroll of fear
 x - a scroll of vulnerability
 B - a scroll of silence
 C - 4 scrolls of identify
 D - a scroll of poison
 I - a scroll of enchant armour
Potions
 c - 3 potions of might
 f - 3 potions of brilliance
 j - 3 potions of invisibility
 l - a potion of magic
 n - a potion of attraction
 p - 2 potions of mutation
 s - a potion of berserk rage
 t - 2 potions of cancellation
 z - 6 potions of enlightenment
 A - a potion of haste


   Skills:
 + Level 7.6 Fighting
 + Level 7.0 Dodging
 + Level 8.4 Shields
 * Level 12.3 Unarmed Combat


You had 10 spell levels left.
You didn't know any spells.
Your spell library contained the following spells:

 Spells                   Type           Power      Damage    Failure   Level
 Sandblast                Erth           0%         2d4       58%         1
 Shock                    Conj/Air       0%         1d3       58%         1
 Blink                    Tloc           0%         N/A       75%         2
 Cigotuvi's Dreadful Rot  Necr/Pois/Air  0%         N/A       75%         2
 Ensorcelled Hibernation  Hex/Ice        0%         N/A       75%         2
 Momentum Strike          Conj/Tloc      0%         3d8       75%         2
 Passwall                 Tmut/Erth      0%         N/A       75%         2
 Call Canine Familiar     Summ           0%         N/A       92%         3
 Frozen Ramparts          Ice            0%         1d1       92%         3
 Gell's Gravitas          Tloc           0%         N/A       92%         3
 Hailstorm                Conj/Ice       0%         3d3       92%         3
 Inner Flame              Hex/Fire       0%         N/A       92%         3
 Sigil of Binding         Hex            0%         N/A       92%         3
 Stone Arrow              Conj/Erth      0%         3d7       92%         3
 Swiftness                Air            0%         N/A       92%         3
 Airstrike                Air            0%         2d(0-16)  100%        4
 Animate Armour           Summ/Erth      0%         N/A       100%        4
 Brom's Barrelling Bould  Conj/Erth      0%         2d3       100%        4
 Dimensional Bullseye     Hex/Tloc       0%         N/A       100%        4
 Dispel Undead            Necr           0%         3d6       100%        4
 Flame Wave               Conj/Fire      0%         2d4       100%        4
 Iskenderun's Mystic Bla  Conj/Tloc      0%         2d3       100%        4
 Leda's Liquefaction      Hex/Erth       0%         N/A       100%        4
 Manifold Assault         Tloc           0%         N/A       100%        4
 Sticky Flame             Conj/Fire      0%         2d3       100%        4
 Summon Lightning Spire   Summ/Air       0%         N/A       100%        4
 Lee's Rapid Deconstruct  Erth           0%         3d4*      100%        5
 Death Channel            Necr           0%         N/A       100%        6


Dungeon Overview and Level Annotations

Branches:
Dungeon (10/15)            Temple (0/1) D:6
   Lair: D:8-11         Orc: D:9-12

Altars:
Ashenzari
Dithmenos
Kikubaaqudgha
Makhleb
Sif Muna
Vehumet
Wu Jian
The Shining One

Shops:
D:3 (?(   D:5 :

Annotations:
D:10 Snorg


Innate Abilities, Weirdness & Mutations

You are too large for most types of armour.
You have claws for hands.
Your natural rate of healing is unusually fast.
You are covered in fur. (AC +1)
You have tough skin. (AC +1)


Message History

You claw Snorg!
Snorg is almost dead.
Snorg bites you! Snorg barely misses you. You block Snorg's attack.
You barely miss Snorg.
Snorg is severely wounded.
You block Snorg's attack. Snorg closely misses you. Snorg claws you!
* * * LOW HITPOINT WARNING * * *
You feel much better.
You block Snorg's attack. x2; Snorg claws you!
Snorg closely misses you. Snorg claws you! You block Snorg's attack.
You scratch Snorg.
Snorg is almost dead.
You block Snorg's attack. x3
You barely miss Snorg.
Snorg is almost dead.
Snorg bites you!
* * * LOW HITPOINT WARNING * * *
Snorg claws you!
* * * LOW HITPOINT WARNING * * *
You block Snorg's attack.
You feel much better. Snorg misses you. You block Snorg's attack.
Snorg closely misses you. You block Snorg's attack. Snorg claws you.
* * * LOW HITPOINT WARNING * * *
Snorg barely misses you.
You mangle Snorg!!
Snorg is almost dead.
Snorg bites you!!
* * * LOW HITPOINT WARNING * * *
You block Snorg's attack. Snorg claws you!
* * * LOW HITPOINT WARNING * * *
Blink to where?
Press: ? - help, Dir - move target
As you read the scroll of blinking, it crumbles to dust.
An orc comes into view. It is wielding a +0 hand axe.
Snorg rages.
You spin and attack the orc.
You barely miss the orc. The orc hits you with a +0 hand axe.
* * * LOW HITPOINT WARNING * * *
There is a stone staircase leading up here.
The orc hits you with a +0 hand axe.
You die...

#......# #......# .#
#......# .# #......####.#
+......'..#.# #......##.#.#
#.......#.#.# #.#####.#.#.#
# #.....@.# ######## #..
#.#<.o..# #.......
#...##.#.#..T#########......
#........#......T§))))).....
#....#...#.....#######.....#
#....###.#.....+ #.....#
#... #.......# #.....#
#....###.......# #######
#..............#


You could see Snorg (berserk) and an orc.

Vanquished Creatures
  Erica (D:10)
  3 two-headed ogres
  A centaur warrior (D:9)
  Pikel (D:4)
  Jeremiah (D:8)
  A troll (D:10)
  A hornet (D:9)
  A wraith (D:9)
  3 steam dragons (D:9)
  Edmund (D:5)
  2 water moccasins
  An orc warrior (D:10)
  A sky beast (D:7)
  2 black bears
  9 ogres
  4 centaurs
  3 lemures (D:4)
  2 phantoms
  3 bullfrogs
  A gnoll sergeant (D:9)
  5 scorpions
  18 wights
  3 killer bees (D:7)
  4 hounds
  2 orc priests
  3 iguanas (D:5)
  2 gnoll boudas (D:6)
  An orc wizard (D:5)
  A sleepcap (D:6)
  19 gnolls
  6 adders
  A shadow imp (D:7)
  3 white imps
  6 dart slugs
  19 orcs
  3 bats
  4 endoplasms
  3 giant cockroaches (D:2)
  7 goblins
  5 hobgoblins
  4 jackals (D:5)
  3 quokkas
  9 ball pythons
  3 frilled lizards (D:1)
  7 kobolds
  4 rats
  A butterfly (D:6)
188 creatures vanquished.

Notes
Turn   | Place    | Note
-------+----------+-------------------------------------------
     0 | D:1      | FakeRyeBread the Troll Fighter began the quest for the Orb.
     0 | D:1      | Reached XP level 1. HP: 22/22 MP: 0/0
   139 | D:1      | Reached XP level 2. HP: 27/29 MP: 1/1
   204 | D:1      | Found a faded altar of an unknown god.
   619 | D:1      | Reached XP level 3. HP: 31/36 MP: 2/2
   760 | D:2      | Reached skill level 3 in Unarmed Combat
   940 | D:2      | Found a broken altar of Ashenzari.
  1416 | D:2      | Reached skill level 5 in Shields
  1416 | D:2      | Reached skill level 7 in Unarmed Combat
  1416 | D:2      | Reached XP level 4. HP: 49/49 MP: 3/3
  1417 | D:2      | Reached skill level 5 in Fighting
  1417 | D:2      | Reached skill level 5 in Dodging
  1417 | D:2      | Reached skill level 9 in Unarmed Combat
  1417 | D:2      | Reached XP level 5. HP: 59/59 MP: 4/4
  1675 | D:3      | Found Kiyse's Magic Scroll Shop.
  1685 | D:3      | Bought a scroll of blinking for 75 gold pieces
  1805 | D:3      | Found Hean's Weapon Emporium.
  2034 | D:3      | Found Ychonea's Weapon Emporium.
  2340 | D:4      | Reached XP level 6. HP: 67/67 MP: 5/5
  2895 | D:4      | Noticed Pikel
  2916 | D:4      | Killed Pikel
  2917 | D:4      | Reached XP level 7. HP: 25/75 MP: 6/6
  3133 | D:5      | Entered Level 5 of the Dungeon
  3234 | D:5      | Reached XP level 8. HP: 83/83 MP: 7/7
  3306 | D:5      | Noticed Edmund
  3316 | D:5      | Killed Edmund
  3317 | D:5      | Reached skill level 10 in Unarmed Combat
  3475 | D:5      | Noticed a two-headed ogre
  3502 | D:5      | Killed a two-headed ogre
  3622 | D:5      | Reached XP level 9. HP: 90/92 MP: 8/8
  3695 | D:5      | Found a burning altar of Makhleb.
  3698 | D:5      | Found a shimmering blue altar of Sif Muna.
  3712 | D:5      | Found an ornate altar of the Wu Jian Council.
  3716 | D:5      | Became a worshipper of the Wu Jian Council
  3722 | D:5      | Found a glowing golden altar of the Shining One.
  3835 | D:5      | Found Qesefuc's Tremendous Tomes.
  4084 | D:6      | Found a staircase to the Ecumenical Temple.
  4715 | D:6      | Identified a scroll of acquirement
  4717 | D:6      | Acquired 1130 gold pieces
  5262 | D:7      | Reached * piety under Wu Jian
  5308 | D:7      | Acquired 861 gold pieces
  5402 | D:3      | Bought a scroll of identify for 20 gold pieces
  5402 | D:3      | Bought a scroll of identify for 20 gold pieces
  5402 | D:3      | Bought a scroll of silence for 95 gold pieces
  5470 | D:5      | Bought the Vellum of the Candlemaker for 806 gold pieces
  5556 | D:7      | Reached skill level 11 in Unarmed Combat
  6264 | D:8      | Reached XP level 10. HP: 100/100 MP: 9/9
  6271 | D:8      | Found a radiant altar of Vehumet.
  6485 | D:8      | Noticed Jeremiah
  6496 | D:8      | Killed Jeremiah
  6613 | D:8      | Found a shadowy altar of Dithmenos.
  6615 | D:8      | Found an ancient bone altar of Kikubaaqudgha.
  7218 | D:9      | Noticed a two-headed ogre
  7237 | D:9      | Killed a two-headed ogre
  7245 | D:9      | Noticed a centaur warrior
  7255 | D:9      | Killed a centaur warrior
  7785 | D:9      | Noticed a two-headed ogre
  7790 | D:9      | Killed a two-headed ogre
  7925 | D:9      | Reached skill level 12 in Unarmed Combat
  7964 | D:9      | Reached XP level 11. HP: 109/109 MP: 10/10
  8159 | D:10     | Entered Level 10 of the Dungeon
  8214 | D:10     | Noticed Erica
  8244 | D:10     | Killed Erica
  8262 | D:10     | Noticed Snorg
  8299 | D:10     | Reached ** piety under Wu Jian
  8373 | D:10     | HP: 2/110 [Snorg (9)]
  8377 | D:10     | Slain by an orc

Illustrated notes

Levels and vault maps discovered:
D:1:      arrival_zaba_pyramid, layout_rooms, ebering_ecumenical_altar_ruins,
          serial_rivers, chequers_serial_rivers_large_a,
          chequers_serial_rivers_micro_d, chequers_serial_rivers_marsh,
          chequers_serial_rivers_marsh, minmay_liquid_box, minmay_pentomino_t4
D:2:      layout_basic, basic_altar, kennysheep_cross_room, grunt_decor_junction
D:3:      layout_loops_ring, serial_shops, nicolae_shop_rolling_square,
          nicolae_shop_trees, shop, nicolae_elevator_lobby_asterisk
D:4:      layout_basic, uniq_pikel
D:5:      layout_basic, grunt_temple_overflow_cloverleaf,
          nicolae_shop_i_like_big_books, uniq_edmund
D:6:      layout_basic, minmay_temple_entry_butterflies, dreamdust_gnoll_farm
D:7:      layout_basic
D:8:      layout_layer_cave, nicolae_vehumet_radiance,
          mainiacjoe_overflow_large_starburst, uniq_jeremiah
D:9:      lemuel_ogre_cave, layout_basic, serial_co_window_serial,
          co_window_paths_b, co_window_paths_a, co_window_paths_a,
          co_window_corner_a, co_window_corner_a, co_window_corner_a,
          co_window_2corner, co_window_unsneaky_path_c, co_window_corner_ca,
          glass_columns_a, glass_columns_c
D:10:     layout_basic, david_lair_generic, hiddenorc2_lemuel,
          kennysheep_generic_room_6, uniq_erica, uniq_snorg

Skill      XL: |  1  2  3  4  5  6  7  8  9 10 11 |
---------------+----------------------------------+-----
Shields        | 3 5 6 7 8 |  8.4
Unarmed Combat | 7 9 10 11 12 | 12.3
Fighting       | 4 5 6 7 |  7.6
Dodging        | 4 5 6 7 |  7.0

Action                     |  1- 3 |  4- 6 |  7- 9 | 10-12 || total
---------------------------+-------+-------+-------+-------++-------
  Melee: Unarmed           |    86 |    58 |   222 |   157 ||   523
  Throw: Stone             |       |       |     9 |       ||     9
         Dart              |       |       |    10 |     4 ||    14
         Throwing net      |       |       |       |     1 ||     1
Ability: Lunge             |       |       |    25 |    21 ||    46
         Whirlwind         |       |       |     2 |     2 ||     4
    Use: Scroll            |    11 |     6 |    11 |     1 ||    29
         Potion            |     1 |     4 |       |     3 ||     8
   Stab: Sleeping          |     1 |     1 |       |       ||     2
 Armour: Robe              |    43 |    26 |    71 |    39 ||   179
         Steam dragon scal |       |       |       |    36 ||    36
  Dodge: Dodged            |    21 |    17 |    45 |    36 ||   119
  Block: Kite shield       |    38 |    26 |   169 |    96 ||   329
         Reflection        |       |       |     2 |     3 ||     5

Table legend: (Time is in decaauts)
 A = Elapsed time spent in this place.
 B = Non-inter-level travel time spent in this place.
 C = Inter-level travel time spent in this place.
 D = Time resting spent in this place.
 E = Time spent auto-exploring this place.
 F = Levels seen in this place.
 G = Mean time per level.
                   A        B        C        D        E       F      G
               +--------+--------+--------+--------+--------+-----+--------+
         Total |   8335 |   7352 |    983 |    212 |   5726 |  10 |  833.5 |
       Dungeon |   8335 |   7352 |    983 |    212 |   5726 |  10 |  833.5 |
               +--------+--------+--------+--------+--------+-----+--------+

Top non-repeatable levels by time:
     D:8: 1120 daAuts
     D:7: 1044 daAuts
     D:5: 989 daAuts
     D:9: 987 daAuts
     D:4: 920 daAuts
     D:1: 821 daAuts
     D:6: 789 daAuts
     D:3: 742 daAuts
     D:2: 706 daAuts
    D:10: 213 daAuts
